 Dungeon Crawl Stone Soup version 0.23-a0-29-g1be82e5 (webtiles) character file.

558 fastestsalamander the Shield-Bearer (level 7, -6/55 HPs)
             Began as a Formicid Fighter on Aug 4, 2018.
             Was a Follower of Okawaru.
             Mangled by a hornet (13 damage)
             ... on level 4 of the Dungeon.
             The game lasted 00:09:11 (3516 turns).

fastestsalamander the Shield-Bearer (FoFi)          Turns: 3516, Time: 00:09:12

Health: -6/55      AC:  9    Str: 23 (24) XL:     7   Next: 56%
Magic:  7/7        EV: 10    Int:  5 (8)  God:    Okawaru [*.....]
Gold:   170        SH: 13    Dex: 11 (12) Spells: 6/6 levels left

rFire    . . .     SeeInvis +   b - +0 morningstar
rCold    + . .     Gourm    .   c - +0 shield
rNeg     . . .     Faith    .   i - +2 ring mail {rC+}
rPois    .         Spirit   .   (helmet unavailable)
rElec    .         Reflect  +   (no cloak)
rCorr    .         Harm     .   (no gloves)
MR       .....                  w - +0 pair of boots
Stlth    +.........             d - +3 amulet of reflection
HPRegen  0.18/turn              q - +4 ring of strength
MPRegen  0.10/turn              (no ring)

@: no status effects
A: permanent stasis, dig shafts and tunnels, four strong arms, antennae 3
a: Dig, Shaft Self, Heroism, Renounce Religion


You were on level 4 of the Dungeon.
You worshipped Okawaru.
Okawaru was aware of your devotion.
You were not hungry.

You visited 1 branch of the dungeon, and saw 4 of its levels.

You collected 170 gold pieces.

Inventory:

Hand Weapons
 a - a +0 hunting sling
   (You took it off a kobold on level 2 of the Dungeon)
 b - a +0 morningstar (weapon)
   (You took it off an orc on level 3 of the Dungeon)
 u - a +0 trident of venom
   (You took it off an orc on level 3 of the Dungeon)
Missiles
 k - 25 stones (quivered)
 l - 29 poisoned needles
Armour
 c - a +0 shield (worn)
 i - a +2 ring mail of cold resistance (worn)
   (You found it on level 1 of the Dungeon)
 w - a +0 pair of boots (worn)
   (You found it on level 3 of the Dungeon)
Jewellery
 d - a +3 amulet of reflection (around neck)
   (You found it on level 4 of the Dungeon)
 q - a +4 ring of strength (left hand)
   (You found it on level 2 of the Dungeon)
Scrolls
 g - 6 scrolls of identify {@r1}
 j - a scroll of teleportation {unknown}
 r - a scroll of fear {unknown}
 v - a scroll of amnesia {unknown}
 x - a scroll of remove curse {unknown}
Potions
 e - 2 potions of brilliance
 h - a potion of flight
 m - a potion of cancellation {unknown}
 p - 2 potions of haste {@q3}
Comestibles
 f - 10 rations
 o - a chunk of flesh


   Skills:
 + Level 4.3 Fighting
 * Level 5.4 Maces & Flails
 - Level 4.1 Armour
 - Level 0.7 Dodging
 * Level 6.2 Shields


You had 6 spell levels left.
You didn't know any spells.
Your spell library was empty.

Dungeon Overview and Level Annotations

Branches:
Dungeon (4/15)
 Temple: D:4-7

Altars:
Okawaru
Ru


Innate Abilities, Weirdness & Mutations

You cannot be hasted, slowed, berserked, paralysed or teleported.
You can dig through walls and to a lower floor.
Your four strong arms can wield two-handed weapons with a shield.
You have a pair of large antennae on your head. (SInv)


Message History

You block the hornet's attack.
You miss the hornet.
You feel sick.
The hornet stings you but does no damage.
The hornet misses you.
You miss the hornet.
You feel sick. You block the hornet's attack. The hornet stings you!
* * * LOW HITPOINT WARNING * * *
Your stasis prevents you from being slowed.
Your shield prevents you from hitting the hornet.
You feel sick. You block the hornet's attack.
The hornet stings you but does no damage.
You are too injured to fight recklessly!
You closely miss the hornet.
You feel sick. The hornet stings you!
* * * LOW HITPOINT WARNING * * *
Your stasis prevents you from being slowed.
The hornet stings you!
* * * LOW HITPOINT WARNING * * *
Your stasis prevents you from being paralysed.
You feel better. The hornet barely misses you.
You are too injured to fight recklessly!
You are too injured to fight recklessly!
You miss the hornet.
The hornet stings you but does no damage.
You block the hornet's attack.
You closely miss the hornet. You block the hornet's attack. x2
You hit the hornet but do no damage. The hornet stings you.
* * * LOW HITPOINT WARNING * * *
Your stasis prevents you from being paralysed.
The hornet stings you.
* * * LOW HITPOINT WARNING * * *
Your stasis prevents you from being slowed.
You closely miss the hornet. The hornet stings you!
* * * LOW HITPOINT WARNING * * *
Your stasis prevents you from being paralysed.
You block the hornet's attack.
You hit the hornet but do no damage. You block the hornet's attack.
Unknown command.
You hit the hornet. You block the hornet's attack.
The hornet closely misses you.
Your ring mail prevents you from hitting the hornet.
You block the hornet's attack. The hornet barely misses you.
Unknown command.
You barely miss the hornet. The hornet closely misses you.
The hornet barely misses you.
You hit the hornet.
The hornet stings you but does no damage.
You block the hornet's attack.
You barely miss the hornet. You block the hornet's attack.
The hornet stings you!
You die...

#.#...# #.###.#
#........ #.#...#
#........
#.#.###.#........
#.......#........
####.####........
#.# #........
#.####........
#.....@y......
#####.........
#.$.......
....###### ##.#.#
#.#.# #.#.# #.#.#


You could see a hornet.

Vanquished Creatures
  Sigmund (D:4)
  Menkaure (D:4)
  An ogre (D:4)
  A hound (D:4)
  An orc wizard (D:3)
  A hound skeleton (D:2)
  An adder (D:2)
  An ooze (D:3)
  2 adder skeletons (D:2)
  4 worms
  3 dart slugs
  5 leopard geckos
  11 orcs (D:3)
  2 bat skeletons (D:2)
  3 giant cockroaches
  4 goblins
  6 hobgoblins
  12 jackals
  A quokka (D:3)
  2 ball pythons
  3 bats
  3 frilled lizards
  3 giant cockroach zombies (D:2)
  5 kobolds
  A leopard gecko skeleton (D:4)
  A leopard gecko zombie (D:2)
79 creatures vanquished.

Notes
Turn   | Place    | Note
-------+----------+-------------------------------------------
     0 | D:1      | fastestsalamander the Formicid Fighter began the quest for the Orb.
     0 | D:1      | Reached XP level 1. HP: 18/18 MP: 1/1
   152 | D:1      | Reached XP level 2. HP: 24/24 MP: 2/2
   354 | D:1      | Reached skill level 4 in Shields
   667 | D:2      | Reached XP level 3. HP: 15/29 MP: 3/3
   892 | D:2      | Found a sacrificial altar of Ru.
  1024 | D:2      | Reached XP level 4. HP: 34/35 MP: 4/4
  1891 | D:3      | Reached XP level 5. HP: 34/41 MP: 5/5
  1901 | D:3      | Reached skill level 5 in Shields
  2114 | D:3      | Found an iron altar of Okawaru.
  2165 | D:3      | Became a worshipper of Warmaster Okawaru
  2639 | D:3      | Found a sacrificial altar of Ru.
  2708 | D:4      | Noticed an ogre
  2718 | D:4      | Killed an ogre
  2718 | D:4      | Reached XP level 6. HP: 16/48 MP: 6/6
  3011 | D:4      | Noticed Sigmund
  3028 | D:4      | Killed Sigmund
  3028 | D:4      | Reached * piety under Okawaru
  3028 | D:4      | Reached skill level 5 in Maces & Flails
  3028 | D:4      | Reached XP level 7. HP: 36/54 MP: 7/7
  3144 | D:4      | Noticed Menkaure
  3159 | D:4      | Killed Menkaure
  3159 | D:4      | Reached skill level 6 in Shields
  3492 | D:4      | Noticed a hornet
  3516 | D:4      | Mangled by a hornet

Vault maps used:
D:1:      minmay_arrival_checkered_box
D:2:      nicolae_overflow_crystal_walls, serial_undead, serial_undead_a,
          serial_undead_e, serial_undead_e, serial_undead_a, serial_undead_f,
          serial_undead_b, serial_undead_a
D:3:      lemuel_coloured_pillars_altar, minmay_misc_feat_tower, st_stairs_9,
          nicolae_ru_the_path_less_chosen
D:4:      vehumet_statue, uniq_menkaure, uniq_sigmund

Skill      XL: |  1  2  3  4  5  6  7 |
---------------+----------------------+-----
Shields        | 4 5 6 |  6.2
Maces & Flails | 3 4 5 |  5.4
Fighting       | 4 |  4.3
Armour         | 4 |  4.1
Dodging        | |  0.7

Action                   |  1- 3 |  4- 6 |  7- 9 || total
-------------------------+-------+-------+-------++-------
Melee: Flail             |    79 |   140 |       ||   219
       Morningstar       |       |    70 |    40 ||   110
 Fire: Hunting sling     |       |     5 |       ||     5
  Use: Potion            |       |     5 |     5 ||    10
       Scroll            |       |       |     1 ||     1
  Eat: Chunk             |       |     7 |     2 ||     9
Armor: Scale mail        |     2 |       |       ||     2
       Ring mail         |    37 |    89 |     8 ||   134
Dodge: Dodged            |    30 |    90 |    19 ||   139
Block: Shield            |    32 |   136 |    23 ||   191

Table legend:
 A = Spawn XP
 B = Non-spawn XP
 C = Spawn XP percentage of total XP
 D = Spawn monster count
 E = Non-spawn monster count
 F = Spawn count percentage of total count
 G = Total turns spent on level
                    A         B        C        D         E        F      G
               +---------+---------+-------+---------+---------+-------+---------
         Total |       0 |     798 |   0.0 |       0 |      79 |   0.0 |  3516
               +---------+---------+-------+---------+---------+-------+---------
           D:1 |       0 |      14 |   0.0 |       0 |       7 |   0.0 |   454
           D:2 |       0 |      89 |   0.0 |       0 |      28 |   0.0 |  1092
           D:3 |       0 |     128 |   0.0 |       0 |      36 |   0.0 |  1161
           D:4 |       0 |     567 |   0.0 |       0 |       8 |   0.0 |   809
               +---------+---------+-------+---------+---------+-------+---------
